 Dungeon Crawl Stone Soup version 0.24-a0-530-g18ba70b503 (webtiles) character file.

Game seed: 10268550936936426623

70441 Peloso the Peltast (level 14, -13/129 HPs)
             Began as a Minotaur Fighter on Aug 8, 2019.
             Was the Champion of Okawaru.
             Mangled by an orc warrior
             ... wielding a +0 mace
              (24 damage)
             ... on level 2 of the Orcish Mines.
             The game lasted 01:04:08 (25908 turns).

Peloso the Peltast (Minotaur Fighter)              Turns: 25908, Time: 01:04:10

Health: -13/129    AC: 23    Str: 26    XL:     14   Next: 94%
Magic:  12/14      EV: 15    Int: 15    God:    Okawaru [******]
Gold:   1959       SH: 12    Dex: 21    Spells: 13/13 levels left

rFire    + + +     SeeInvis .   b - +2 falchion of Disarray {slice, Dex+4}
rCold    + . .     Gourm    .   c - +2 buckler of Intercession {rElec Int+4}
rNeg     . . .     Faith    +   E - +1 plate armour {rF+}
rPois    +         Spirit   .   (helmet restricted)
rElec    +         Reflect  .   x - scarf {rC+ rF+}
rCorr    .         Harm     .   (no gloves)
MR       +....                  m - +2 pair of boots
Stlth    ..........             A - amulet of faith
HPRegen  0.31/turn              w - +5 ring of dexterity
MPRegen  0.14/turn              K - ring "Xezup" {rPois rF+ Str+2 Int+6}

@: heroism, drained
A: retaliatory headbutt, horns 2
a: Heroism, Finesse, Renounce Religion


You were on level 2 of the Orcish Mines.
You worshipped Okawaru.
Okawaru was exalted by your worship.
You were not hungry.

You visited 4 branches of the dungeon, and saw 21 of its levels.

You collected 2011 gold pieces.
You spent 52 gold pieces at shops.

Inventory:

Hand Weapons
 a - a +0 scimitar of flaming
 b - the +2 falchion of Disarray (weapon) {slice, Dex+4}
   (Okawaru gifted it to you on level 1 of the Lair of Beasts)

   It inflicts extra damage upon your enemies.
   It affects your dexterity (+4).
 j - a +1 scimitar of electrocution
 y - a +4 scimitar of holy wrath
 I - the +0 sword of Power
   (You found it on level 11 of the Dungeon)
Armour
 c - the +2 buckler of Intercession (worn) {rElec Int+4}
   (Okawaru gifted it to you on level 4 of the Lair of Beasts)

   It affects your intelligence (+4).
   It insulates you from electricity.
 i - +0 acid dragon scales
 m - a +2 pair of boots (worn)
 r - a +2 cloak of magic resistance
 x - a scarf of resistance (worn)
 E - a +1 plate armour of fire resistance (worn)
Jewellery
 l - an uncursed ring of protection from cold
 q - an uncursed ring of ice
 w - a +5 ring of dexterity (left hand)
 A - an amulet of faith (around neck)
 H - an uncursed ring of resist corrosion {unknown}
 K - the ring "Xezup" (right hand) {rPois rF+ Str+2 Int+6}
   (You found it on level 10 of the Dungeon)

   [ring of poison resistance]

   It affects your strength (+2).
   It affects your intelligence (+6).
   It protects you from fire.
   It protects you from poison.
Wands
 u - a wand of flame (7)
 G - a wand of scattershot (6)
Scrolls
 d - 2 scrolls of magic mapping
 e - 6 scrolls of fog
 k - 8 scrolls of remove curse
 o - 6 scrolls of teleportation
 p - a scroll of noise
 B - 4 scrolls of amnesia {unknown}
 D - 2 scrolls of blinking {unknown}
 F - 2 scrolls of enchant armour
 L - a scroll of fear
Potions
 g - 2 potions of resistance
 h - a potion of curing
 n - 3 potions of agility
 s - a potion of mutation
 t - a potion of heal wounds
 v - 5 potions of haste
 z - 2 potions of flight
 C - a potion of ambrosia
Comestibles
 f - 29 rations
 J - 6 chunks of flesh


   Skills:
 + Level 13.6(17.7) Fighting
 + Level 15.8(19.9) Long Blades
 + Level 14.7(18.8) Armour
 + Level 4.9(9.2) Dodging
 + Level 1.5(5.9) Stealth
 + Level 17.0(21.1) Shields
 + Level 2.5(1.9) Invocations
 + Level 0.1(0.0) Evocations


You had 13 spell levels left.
You didn't know any spells.
Your spell library contained the following spells:

 Spells                   Type           Power        Failure   Level  Hunger
 Animate Skeleton         Necr           N/A          82%         1    ##.....
 Apportation              Tloc           #.....       82%         1    ##.....
 Confusing Touch          Hex            #.....       82%         1    ##.....
 Freeze                   Ice            #...         82%         1    ##.....
 Magic Dart               Conj           #...         82%         1    ##.....
 Summon Small Mammal      Summ           #...         82%         1    ##.....
 Blink                    Tloc           N/A          91%         2    ###....
 Call Imp                 Summ           #.......     91%         2    ###....
 Slow                     Hex            #.......     91%         2    ###....
 Throw Frost              Conj/Ice       #.....       91%         2    ###....
 Conjure Flame            Conj/Fire      #.......     99%         3    ####...
 Mephitic Cloud           Conj/Pois/Air  #.......     99%         3    ####...
 Ozocubu's Armour         Chrm/Ice       #.......     99%         3    ####...
 Summon Ice Beast         Ice/Summ       #.......     100%        4    #####..
 Throw Icicle             Conj/Ice       #.......     100%        4    #####..


Dungeon Overview and Level Annotations

Branches:
Dungeon (14/15)            Temple (1/1) D:4            Lair (4/6) D:11
  Swamp (0/4) Lair:3        Snake (0/4) Lair:3          Orc (2/2) D:11
    Elf (0/3) Orc:2        Vaults (0/5) D:13

Altars:
Ashenzari
Cheibriados
Dithmenos
Elyvilon
Fedhas
Gozag
Hepliaklqana
Kikubaaqudgha
Makhleb
Nemelex Xobeh
Okawaru
Qazlal
Ru
Sif Muna
Trog
Uskayaw
Vehumet
Wu Jian
Xom
Yredelemnul
Zin
The Shining One
Beogh

Shops:
D:4 (   D:12 =   Orc:2 =*(

Annotations:
D:4 1 runed translucent door, losten's ghost, amateur HOMo


Innate Abilities, Weirdness & Mutations

You reflexively headbutt those who attack you in melee.
You have a pair of horns on your head.


Message History

You barely miss the orc knight. You headbutt the orc knight.
The orc knight is heavily wounded.
The orc knight roars a battlecry!
The orc warriors go into a battle-frenzy!
The troll bites you but does no damage. The troll misses you.
You block the troll's attack.
The orc warrior hits you but does no damage.
You block the orc warrior's attack.
You hit the orc warrior.
You kill the orc warrior!
Okawaru accepts your kill.
The orc knight hits you with a +0 war axe!
* * * LOW HITPOINT WARNING * * *
Unknown command.
You hit the orc knight but do no damage.
You headbutt the orc knight.
The orc knight is heavily wounded.
You block the troll's attack. x2; The troll claws you but does no damage.
The orc warrior hits you with a +0 mace!!
You die...

..................#
.................##
...........#...#.##
..................#
..................#
...........#.#....#
...........##..)..#
...............T)o#
........ ......o@.#
....... ......).##
...... ........#
..... .........
.... ........# ...
.......## .......
.......


You could see an orc knight, a troll and an orc warrior.

Vanquished Creatures
  Rupert (Lair:3)
  2 orc warlords (Orc:1)
  Azrael (Orc:2)
  Snorg (D:13)
  The ghost of loom the Bludgeoner, a journeyman TrBe of Trog (D:11)
  A rakshasa (D:13)
  2 vault guards (D:13)
  2 centaur warriors
  3 two-headed ogres
  A death knight (D:14)
  An orc high priest (Orc:2)
  Urug (D:11)
  A skeletal warrior (D:14)
  3 unseen horrors
  A wizard (D:13)
  A necromancer (D:13)
  5 orc knights
  4 orc sorcerers (Orc:2)
  7 ugly things
  5 cyclopes
  A black mamba (Lair:4)
  4 kobold demonologists (D:13)
  4 gargoyles
  5 spiny frogs
  A rime drake (Lair:4)
  2 freezing wraiths
  An efreet (D:14)
  A torpor snail (Lair:3)
  3 komodo dragons
  8 trolls
  A polar bear (Lair:3)
  2 hornets
  2 bog bodies (Lair:3)
  9 slime creatures
  4 blink frogs (Lair:4)
  6 hippogriffs
  A centaur simulacrum (D:14)
  A spriggan (Lair:4)
  2 wraiths
  A shadow (D:13)
  7 fire elementals (Orc:2)
  51 yaks
  2 basilisks
  4 wyverns
  3 hungry ghosts
  20 humans (D:13)
  A basilisk (shapeshifter) (D:14)
  4 wargs (Orc:2)
  A steam dragon (D:10)
  3 acid dragons
  A hell hound (Orc:2)
  8 water moccasins
  2 eyes of draining
  6 sky beasts
  8 porcupines
  10 black bears
  34 orc warriors
  A phantom (D:8)
  6 ice beasts
  A necrophage (D:8)
  14 ogres
  40 wolves
  17 centaurs
  8 crocodiles
  A big kobold (D:7)
  A wyvern zombie (D:12)
  12 bullfrogs
  2 gnoll sergeants
  9 scorpions
  A wyvern skeleton (D:6)
  7 wights
  3 killer bees (D:7)
  3 electric eels (D:11)
  8 howler monkeys
  3 crimson imps
  A centaur zombie (D:5)
  A bullfrog zombie (D:7)
  4 jellies
  Crazy Yiuf (D:3)
  19 orc priests
  9 hounds
  5 centaur skeletons
  5 bullfrog skeletons
  5 iguanas
  15 orc wizards
  9 worker ants
  A worker ant zombie (D:10)
  A howler monkey skeleton (D:8)
  13 adders
  16 gnolls
  3 shadow imps
  7 oozes
  An adder skeleton (D:10)
  3 worms
  2 dart slugs
  5 leopard geckos
  72 orcs
  5 ball pythons
  7 bats
  11 giant cockroaches
  5 goblins
  5 hobgoblins
  15 jackals
  15 kobolds
  7 quokkas
  5 frilled lizards
  A jackal skeleton (D:4)
  10 rats
  2 plants
691 creatures vanquished.

Vanquished Creatures (others)
  2 orcs (D:11)
  30 fungi
  13 plants
45 creatures vanquished.

Grand Total: 736 creatures vanquished

Notes
Turn   | Place    | Note
-------+----------+-------------------------------------------
     0 | D:1      | Peloso the Minotaur Fighter began the quest for the Orb.
     0 | D:1      | Reached XP level 1. HP: 19/19 MP: 0/0
   215 | D:1      | Reached XP level 2. HP: 27/27 MP: 1/1
   634 | D:1      | Reached skill level 4 in Shields
   986 | D:2      | Reached XP level 3. HP: 33/33 MP: 2/2
  1054 | D:2      | Found a shadowy altar of Dithmenos.
  1292 | D:2      | Found a sacrificial altar of Ru.
  1310 | D:2      | Reached XP level 4. HP: 7/40 MP: 3/3
  1312 | D:2      | HP: 1/40 [gnoll/+0 spear (2)]
  1415 | D:1      | Reached skill level 1 in Dodging
  2063 | D:3      | Noticed a black bear
  2063 | D:3      | Noticed an ogre
  2081 | D:3      | Killed a black bear
  2081 | D:3      | Reached XP level 5. HP: 44/46 MP: 4/4
  2103 | D:3      | Killed an ogre
  2103 | D:3      | Reached skill level 5 in Shields
  2103 | D:3      | Reached XP level 6. HP: 53/53 MP: 5/5
  2146 | D:3      | Found a runed translucent door.
  2147 | D:3      | Noticed Crazy Yiuf
  2424 | D:3      | Reached skill level 5 in Long Blades
  2529 | D:3      | Killed Crazy Yiuf
  2617 | D:4      | Found Cunull's Antique Weapon Shoppe.
  2619 | D:4      | Reached skill level 5 in Armour
  2621 | D:4      | Found a burning altar of Makhleb.
  2653 | D:4      | Found a runed translucent door.
  2668 | D:4      | Reached skill level 6 in Shields
  2668 | D:4      | Reached XP level 7. HP: 55/60 MP: 6/6
  2714 | D:4      | Found a staircase to the Ecumenical Temple.
  2737 | Temple   | Entered the Ecumenical Temple
  3245 | D:4      | Noticed losten's ghost (amateur HOMo)
  3278 | D:5      | Entered Level 5 of the Dungeon
  3300 | D:5      | Reached skill level 5 in Fighting
  3415 | D:5      | Reached XP level 8. HP: 40/69 MP: 7/7
  3597 | D:5      | Reached skill level 7 in Shields
  3734 | D:5      | Found a sparkling altar of Nemelex Xobeh.
  3858 | D:5      | Found an iron altar of Okawaru.
  3950 | D:5      | Became a worshipper of Warmaster Okawaru
  4052 | D:6      | Found an ornate altar of the Wu Jian Council.
  4702 | D:6      | Found a snail-covered altar of Cheibriados.
  4702 | D:6      | Found a hide-covered altar of Uskayaw.
  4937 | D:7      | Reached * piety under Okawaru
  4939 | D:7      | Noticed a troll
  4960 | D:7      | Killed a troll
  4960 | D:7      | Reached XP level 9. HP: 33/75 MP: 5/8
  5338 | D:7      | Reached ** piety under Okawaru
  5338 | D:7      | Reached skill level 10 in Long Blades
  5428 | D:7      | Reached skill level 8 in Shields
  5690 | D:7      | Reached *** piety under Okawaru
  5918 | D:8      | Reached **** piety under Okawaru
  5918 | D:8      | Reached XP level 10. HP: 72/86 MP: 9/9
  5926 | D:8      | Reached skill level 9 in Shields
  6716 | D:9      | Reached ***** piety under Okawaru
  7008 | D:9      | You fall into a shaft and drop 3 floors!
  7074 | D:12     | Noticed a purple ugly thing
  7092 | D:12     | Killed a purple ugly thing
  7092 | D:12     | Reached skill level 10 in Shields
  7130 | D:12     | Noticed a cyclops
  7239 | D:12     | Found Cuetyonaet's Jewellery Shoppe.
  7256 | D:12     | Received a gift from Okawaru
  7313 | D:12     | Reached skill level 1 in Invocations
  7324 | D:12     | Reached XP level 11. HP: 48/95 MP: 8/10
  7933 | D:12     | Received a gift from Okawaru
  7936 | D:12     | Got an ichor-stained cloak {god gift}
  7943 | D:12     | Reached skill level 11 in Shields
  7992 | D:12     | Identified the +0 cloak of Evolution {Int+5} (Okawaru
                  | gifted it to you on level 12 of the Dungeon)
  8327 | D:10     | Entered Level 10 of the Dungeon
  8426 | D:10     | Killed an unseen horror
  9194 | D:10     | Noticed a two-headed ogre
  9203 | D:10     | Killed a two-headed ogre
  9210 | D:10     | Reached skill level 10 in Armour
  9389 | D:10     | Got a fine bronze ring
  9536 | D:10     | Identified the ring "Xezup" {rPois rF+ Str+2 Int+6} (You
                  | found it on level 10 of the Dungeon)
  9615 | D:11     | Reached ****** piety under Okawaru
 10366 | D:11     | Reached skill level 12 in Shields
 10424 | D:11     | Noticed a green ugly thing
 10444 | D:11     | Killed a green ugly thing
 10444 | D:11     | Received a gift from Okawaru
 10459 | D:11     | Got a slimy large shield {god gift}
 10465 | D:11     | Identified the -7 large shield of Absolutism {rC+ MR+}
                  | (Okawaru gifted it to you on level 11 of the Dungeon)
 10489 | D:11     | Reached skill level 10 in Fighting
 10490 | D:11     | Found a staircase to the Lair.
 10509 | D:11     | Reached XP level 12. HP: 104/106 MP: 12/12
 10641 | D:11     | Found a runed translucent door.
 10650 | D:11     | Noticed loom's ghost (journeyman TrBe)
 10651 | D:11     | Found the +0 sword of Power
 10740 | D:11     | Noticed Urug
 10756 | D:11     | Killed Urug
 10765 | D:11     | Noticed a two-headed ogre
 10773 | D:11     | Killed a two-headed ogre
 11332 | D:11     | Found a staircase to the Orcish Mines.
 12568 | Lair:1   | Entered Level 1 of the Lair of Beasts
 12702 | Lair:1   | Received a gift from Okawaru
 12713 | Lair:1   | Got a twisted falchion {god gift}
 12714 | Lair:1   | Identified the +2 falchion of Disarray {slice, Dex+4}
                  | (Okawaru gifted it to you on level 1 of the Lair of Beasts)
 12848 | Lair:1   | Reached skill level 13 in Shields
 13181 | Lair:1   | Reached skill level 1 in Stealth
 13688 | Lair:2   | Got a jewelled mace
 13690 | Lair:2   | Identified the +5 mace of Impatience {crush, rElec} (You
                  | found it on level 2 of the Lair of Beasts)
 14499 | Lair:3   | Found a staircase to the Swamp.
 14977 | Lair:3   | Found a staircase to the Snake Pit.
 15038 | Lair:3   | Noticed Rupert
 15074 | Lair:3   | Killed Rupert
 15074 | Lair:3   | Received a gift from Okawaru
 15074 | Lair:3   | Reached skill level 14 in Shields
 15074 | Lair:3   | Reached XP level 13. HP: 35/116 MP: 10/13
 16217 | Lair:4   | Received a gift from Okawaru
 16237 | Lair:4   | Reached skill level 15 in Shields
 16548 | Lair:4   | Got a pitted buckler {god gift}
 16554 | Lair:4   | Identified the +2 buckler of Intercession {rElec Int+4}
                  | (Okawaru gifted it to you on level 4 of the Lair of Beasts)
 17215 | D:13     | Noticed Snorg
 17235 | D:13     | Killed Snorg
 18545 | D:13     | Reached skill level 15 in Long Blades
 18610 | D:13     | Received a gift from Okawaru
 18731 | D:13     | Found a gate to the Vaults.
 18759 | D:13     | Reached skill level 16 in Shields
 18759 | D:13     | Reached XP level 14. HP: 127/127 MP: 14/14
 19224 | D:13     | Found a roughly hewn altar of Beogh.
 20833 | D:14     | Received a gift from Okawaru
 22189 | D:11     | Killed loom's ghost
 22440 | Orc:1    | Entered Level 1 of the Orcish Mines
 22601 | Orc:1    | Found a radiant altar of Vehumet.
 23069 | Orc:2    | Entered Level 2 of the Orcish Mines
 23103 | Orc:2    | Noticed an orc warlord
 23127 | Orc:2    | Found a staircase to the Elven Halls.
 24330 | Orc:1    | Killed an orc warlord
 24573 | Orc:2    | Found Othreziaj's Jewellery Shoppe.
 24806 | Orc:2    | Noticed an orc warlord
 24851 | Orc:1    | Killed an orc warlord
 24851 | Orc:1    | Received a gift from Okawaru
 25395 | Orc:2    | Found Nogrexu's General Store.
 25566 | Orc:2    | Bought a scroll of fear for 52 gold pieces
 25832 | Orc:2    | Found Joinak Wura's Antique Weapon Boutique.
 25856 | Orc:2    | Noticed Azrael
 25887 | Orc:2    | Killed Azrael
 25893 | Orc:2    | Received a gift from Okawaru
 25896 | Orc:2    | Reached skill level 17 in Shields
 25908 | Orc:2    | Mangled by an orc warrior

Levels and vault maps discovered:
D:1:      minmay_arrival_semitransparent, layout_basic
D:2:      layout_basic, nicolae_dithmenos_through_a_glass_darkly,
          lemuel_round_altar, ebering_dispersal_statue_hall
D:3:      layout_rooms, chequers_mini_garden, uniq_crazy_yiuf_cottage
D:4:      layout_rooms, lemuel_round_altar, minmay_temple_entry_sparse_star,
          serial_shops, nicolae_shop_overgrown_old_shop,
          ebering_ghost_reflecting_pool, minmay_misc_feat_square,
          roderic_roman_lattice
D:5:      layout_loops_ring, nemelex_xobeh_ov_fountains_minmay,
          kennysheep_mini_moat, first_ration
D:6:      layout_loops_ring, old_standard_altar, gammafunk_temple_overflow_wave,
          st_stairs_9
D:7:      layout_basic, kennysheep_generic_room_7
D:8:      layout_basic
D:9:      layout_basic, hangedman_little_slice_of_home, serial_park_tiny_2
D:10:     layout_rooms
D:11:     layout_roguey, due_lair_maze_entry_diamond, erik_orc_2,
          ebering_ghost_reflecting_pool, uniq_urug
D:12:     layout_grid_maze, serial_shops, nicolae_shop_trees
D:13:     layout_loops_ring, grunt_vaults_entry_tiered, special_room
          [special_room_orc], serial_rivers, chequers_serial_rivers_micro_e,
          chequers_serial_rivers_large_a, chequers_serial_rivers_room_a,
          chequers_serial_rivers_room_b, chequers_serial_rivers_micro_a,
          minmay_bent, uniq_snorg
D:14:     layout_loops_ring, minmay_misc_feat_more_columns, st_stairs_5,
          drop_trap
Temple:   nicolae_temple_great_sept
Lair:1:   layout_cave_pods, grunt_megastairs_5, infiniplex_staircase_pool,
          lemuel_fruit_tree
Lair:2:   layout_regular_city
Lair:3:   layout_chaotic_city, skrybe_swamp_entry_bodies, dummy_snake_entry,
          serial_bayou_shore_b, uniq_rupert
Lair:4:   layout_gridlike, grunt_forest_large_clearings
Orc:1:    layout_caves, basic_altar
Orc:2:    grunt_orc_gardens, layout_caves, grunt_orc_garden, grunt_orc_garden,
          grunt_orc_garden, grunt_orc_garden, nicolae_orc_crystal_geode,
          uniq_azrael

Skill      XL: |  1  2  3  4  5  6  7  8  9 10 11 12 13 14 |
---------------+-------------------------------------------+-----
Shields        | 4 5 6 7 8 10 12 14 16 17 | 17.0
Long Blades    | 3 4 5 7 9 11 12 14 15 | 15.8
Fighting       | 4 5 6 7 8 10 11 12 13 | 13.6
Armour         | 4 5 6 8 9 10 12 13 14 | 14.7
Dodging        | 1 2 3 4 |  4.9
Invocations    | 1 2 |  2.5
Stealth        | 1 |  1.5
Evocations     | |  0.1

Action                   |  1- 3 |  4- 6 |  7- 9 | 10-12 | 13-15 || total
-------------------------+-------+-------+-------+-------+-------++-------
Melee: Long sword        |    92 |   105 |   328 |   757 |       ||  1282
       Headbutt          |    11 |    29 |    99 |   359 |   491 ||   989
       Falchion          |       |       |       |   221 |  1252 ||  1473
       Scimitar          |       |       |       |       |     5 ||     5
Invok: Heroism           |       |       |     1 |    11 |    20 ||    32
Evoke: Wand              |       |       |       |     2 |       ||     2
  Use: Potion            |       |     1 |       |     3 |     5 ||     9
       Scroll            |       |       |     8 |    11 |     7 ||    26
  Eat: Chunk             |     1 |     4 |    14 |    28 |    22 ||    69
       Ration            |       |       |       |     1 |     4 ||     5
Armor: Scale mail        |    33 |       |       |       |       ||    33
       Chain mail        |    23 |    57 |   118 |     4 |       ||   202
       Plate armour      |       |       |       |   361 |   403 ||   764
Dodge: Dodged            |    37 |    32 |    80 |   233 |   431 ||   813
Block: Shield            |    68 |    62 |   180 |   603 |   219 ||  1132
       Buckler           |       |       |       |       |   448 ||   448
       Rpst.: Long sword |    10 |     8 |    28 |    50 |       ||    96
       Falchion          |       |       |       |    13 |   110 ||   123
       Scimitar          |       |       |       |       |     1 ||     1

Table legend:
 A = Non-vault XP
 B = Vault XP
 C = Vault XP percentage of total XP
 D = Non-vault monster count
 E = Vault monster count
 F = Vault count percentage of total count
                 A         B        C        D         E       F
            +---------+---------+-------+---------+---------+-------
      Total |   65351 |   35279 |  35.1 |     511 |     180 |  26.0
            +---------+---------+-------+---------+---------+-------
        D:1 |      49 |       0 |   0.0 |      20 |       0 |   0.0
        D:2 |      92 |       0 |   0.0 |      23 |       0 |   0.0
        D:3 |     366 |      41 |  10.1 |      31 |       1 |   3.1
        D:4 |     517 |       0 |   0.0 |      25 |       0 |   0.0
        D:5 |     744 |       0 |   0.0 |      16 |       0 |   0.0
        D:6 |     507 |       5 |   1.0 |      10 |       2 |  16.7
        D:7 |    2234 |     188 |   7.8 |      34 |       3 |   8.1
        D:8 |    2249 |       0 |   0.0 |      50 |       0 |   0.0
        D:9 |    1266 |     161 |  11.3 |      20 |       8 |  28.6
       D:10 |    3327 |       0 |   0.0 |      22 |       0 |   0.0
       D:11 |    3307 |    4000 |  54.7 |      18 |      33 |  64.7
       D:12 |   10411 |       0 |   0.0 |      52 |       0 |   0.0
       D:13 |   12212 |   11026 |  47.4 |      53 |      60 |  53.1
       D:14 |    7949 |     333 |   4.0 |      24 |       1 |   4.0
     Lair:1 |    2971 |    1306 |  30.5 |      18 |       6 |  25.0
     Lair:2 |    1331 |       0 |   0.0 |       7 |       0 |   0.0
     Lair:3 |    4808 |    3400 |  41.4 |      26 |       3 |  10.3
     Lair:4 |    5351 |    3686 |  40.8 |      24 |      30 |  55.6
      Orc:1 |    3110 |    3131 |  50.2 |      16 |       5 |  23.8
      Orc:2 |    2550 |    8002 |  75.8 |      22 |      28 |  56.0
            +---------+---------+-------+---------+---------+-------
